 Dungeon Crawl Stone Soup version 0.29.1-15-g9cfb28693d (webtiles) character file.

Game seed: 10128483044174434678

770 Ee the Insei (level 7, 0/48 HPs)
             Began as an Octopode Transmuter on Oct 13, 2023.
             Succumbed to a water moccasin's poison
             ... on level 5 of the Dungeon.
             The game lasted 00:33:19 (3940 turns).

Ee the Insei (Octopode Transmuter)                  Turns: 3940, Time: 00:33:19

Health: 0/48       AC:  1    Str:  9    XL:     7   Next: 82%
Magic:  10/13      EV: 14    Int: 18    God:
Gold:   279        SH:  0    Dex: 12    Spells: 6/12 levels left

rFire   . . .      SeeInvis .     - Unarmed
rCold   . . .      Faith    .   (no shield)
rNeg    . . .      Spirit   .   (helmet restricted)
rPois   .          Reflect  .   (no amulet)
rElec   .          Harm     .   (no ring)
rCorr   .          Rampage  .   (no ring)
Will    .....                   (no ring)
Stlth   +++.......              (no ring)
HPRegen 0.16/turn               (no ring)
MPRegen 0.13/turn               (no ring)
                                (no ring)
                                (no ring)

@: lethally poisoned (0 -> -15)
A: almost no armour, amphibious, 8 rings, camouflage 1, gelatinous body 1,
(nimble swimmer 1), tentacles, high MP 1, inhibited regeneration
a: no special abilities


You were on level 5 of the Dungeon.
You visited 1 branch of the dungeon, and saw 5 of its levels.

You collected 279 gold pieces.

Inventory:

Scrolls
 a - a scroll of fear
 d - a scroll of magic mapping
 e - a scroll of noise {unknown}
 f - a scroll of enchant weapon {unknown}
 h - a scroll of enchant armour
 j - a scroll of teleportation
Potions
 b - a potion of might
 c - a potion of attraction
 g - a potion of cancellation
 i - a potion of magic


   Skills:
 * Level 4.2 Fighting
 + Level 3.4 Dodging
 + Level 3.9 Stealth
 * Level 5.1 Unarmed Combat
 + Level 3.2 Spellcasting
 + Level 3.4 Transmutations


You had 6 spell levels left.
You knew the following spells:

 Your Spells              Type           Power      Damage    Failure   Level
a - Beastly Appendage     Tmut           30%        N/A       3%          1
b - Wereblood             Tmut           15%        N/A       6%          2
c - Spider Form           Tmut/Pois      9%         N/A       24%         3

Your spell library contained the following spells:

 Spells                   Type           Power      Damage    Failure   Level
 Portal Projectile        Hex/Tloc       4%         N/A       43%         3
 Tukima's Dance           Hex            2%         N/A       43%         3
 Ice Form                 Ice/Tmut       9%         N/A       61%         4
 Blade Hands              Tmut           7%         N/A       71%         5


Dungeon Overview and Level Annotations

Branches:
Dungeon (5/15)
 Temple: D:4-7

Altars:
Elyvilon
Fedhas
Trog
Uskayaw
Zin

Annotations:
D:5 Sigmund


Innate Abilities, Weirdness & Mutations

You cannot wear most types of armour.
You are amphibious.
You can wear up to eight rings at the same time.
Your skin changes colour to match your surroundings (Stealth+).
Your rubbery body absorbs attacks. (AC +1, EV +1)
((You are camouflaged when in or above water. (Stealth+)))
You have tentacles for arms and can constrict up to eight enemies at once.
You have an increased reservoir of magic. (+10% MP)
You do not regenerate when monsters are visible.


Message History

The water moccasin is lightly wounded.
The water moccasin completely misses you.
You barely miss the water moccasin.
The water moccasin is moderately wounded.
The water moccasin closely misses you.
You hit the water moccasin.
The water moccasin is heavily wounded.
The water moccasin misses you.
You barely miss the water moccasin.
The water moccasin is severely wounded.
The water moccasin closely misses you. The water moccasin misses you.
You barely miss the water moccasin.
The water moccasin is severely wounded.
The water moccasin misses you.
You closely miss the water moccasin.
The water moccasin is almost dead.
The water moccasin closely misses you.
You completely miss the water moccasin.
The water moccasin is almost dead.
The water moccasin bites you!
You are lethally poisoned!
The water moccasin poisons you! The water moccasin bites you!
You closely miss the water moccasin.
The water moccasin is almost dead.
You feel extremely sick. The water moccasin bites you.
You hit the water moccasin.
You kill the water moccasin!
Your transformation has ended.
* * * LOW HITPOINT WARNING * * *
You feel very sick.
Your Unarmed Combat skill increases to level 5!
Sorry, you're not good enough to have a special ability.
Okay, then.
* * * LOW HITPOINT WARNING * * *
You feel very sick.
Drinking this now will have no effect.
* * * LOW HITPOINT WARNING * * *
You feel very sick.
You die...

## .# ### .# .. ....# ..##.#
..### #.#.#.# #.##.# . #..
#.#.#.####?##.#
..#.#+#.#.#.#....##.#
..#.......#.#....##.#
..#.......#.#....##.#######
..........#.#..............
.##.###...#.#...@##.########
....# ###...................
..#.# #...#######[##.!....
.<### #...# #.# ..... ..#
#...# #.# #.#. ..# ##### #.#
# ..... #.# ...## #.# ##.#
...


There were no monsters in sight!

Vanquished Creatures
  Edmund (D:4)
  A water moccasin (D:5)
  A necrophage (D:3)
  A scorpion (D:5)
  A howler monkey (D:4)
  2 hounds (D:4)
  2 jellies
  An orc priest (D:3)
  Natasha (thrice) (D:3)
  An iguana (D:4)
  An orc wizard (D:4)
  2 adders
  A shadow imp (D:5)
  3 worms
  13 orcs
  5 ball pythons
  3 bats
  9 endoplasms
  2 giant cockroaches
  5 goblins
  8 hobgoblins
  3 jackals (D:1)
  2 quokkas
  A frilled lizard (D:3)
  12 kobolds
  5 rats
89 creatures vanquished.

Notes
Turn   | Place    | Note
-------+----------+-------------------------------------------
     0 | D:1      | Ee the Octopode Transmuter began the quest for the Orb.
     0 | D:1      | Reached XP level 1. HP: 13/13 MP: 3/3
   294 | D:1      | Reached XP level 2. HP: 17/18 MP: 3/5
   846 | D:1      | Learned a level 2 spell: Wereblood
   904 | D:2      | Found a faded altar of an unknown god.
   943 | D:2      | Reached skill level 1 in Stealth
  1016 | D:2      | Found a hide-covered altar of Uskayaw.
  1031 | D:2      | Reached XP level 3. HP: 18/24 MP: 4/6
  1045 | D:2      | Learned a level 3 spell: Spider Form
  1573 | D:3      | Noticed Natasha
  1585 | D:3      | Killed Natasha
  1586 | D:3      | Reached XP level 4. HP: 8/29 MP: 1/7
  1840 | D:3      | Noticed a necrophage
  1855 | D:3      | Found a blossoming altar of Fedhas.
  1877 | D:3      | Found a bloodstained altar of Trog.
  1883 | D:3      | Found a glowing silver altar of Zin.
  2111 | D:3      | Reached XP level 5. HP: 35/35 MP: 6/8
  2144 | D:4      | Noticed Edmund
  2252 | D:3      | Noticed Natasha
  2259 | D:3      | Killed Natasha
  2260 | D:3      | Reached skill level 4 in Unarmed Combat
  2395 | D:3      | Noticed Natasha
  2401 | D:3      | Found a white marble altar of Elyvilon.
  2412 | D:3      | Killed Natasha
  2413 | D:3      | Reached XP level 6. HP: 42/42 MP: 3/9
  2535 | D:5      | Entered Level 5 of the Dungeon
  2655 | D:5      | Noticed Sigmund
  3324 | D:4      | Gained mutation: You do not regenerate when monsters are
                  | visible. [potion of mutation]
  3324 | D:4      | Gained mutation: You have an increased reservoir of magic.
                  | (+10% MP) [potion of mutation]
  3326 | D:4      | Killed Edmund
  3327 | D:4      | Reached XP level 7. HP: 25/47 MP: 6/12
  3938 | D:5      | Reached skill level 5 in Unarmed Combat
  3940 | D:5      | Succumbed to a water moccasin's poison

Illustrated notes

Levels and vault maps discovered:
D:1:      nzn_arrival_settlement, layout_loops_ring, lemuel_flame_loot_1
D:2:      layout_basic, shapermc_ecumenical_altar_hornbeckon, basic_altar
D:3:      layout_rooms, mainiacjoe_overflow_surrounded_room,
          mainiacjoe_overflow_24_doors, nicolae_overflow_hidden_temple,
          minmay_misc_feat_iff, uniq_natasha
D:4:      layout_rooms, minmay_goblin_kobold_house, uniq_edmund
D:5:      layout_basic, minmay_temple_entry_fiery, uniq_sigmund

Skill      XL: |  1  2  3  4  5  6  7 |
---------------+----------------------+-----
Stealth        | 1 2 3 |  3.9
Fighting       | 2 3 4 |  4.2
Unarmed Combat | 4 5 |  5.1
Dodging        | 3 |  3.4
Transmutations | 3 |  3.4
Spellcasting   | 3 |  3.2

Action                   |  1- 3 |  4- 6 |  7- 9 || total
-------------------------+-------+-------+-------++-------
Melee: Unarmed           |    60 |   124 |    36 ||   220
       Kick              |    15 |    11 |    11 ||    37
       Constrict         |    11 |    10 |     6 ||    27
       Tentacles         |     7 |    12 |     2 ||    21
       Punch             |       |     1 |     2 ||     3
 Cast: Beastly Appendage |    25 |    18 |     6 ||    49
       Wereblood         |     1 |     4 |       ||     5
       Spider Form       |     1 |     9 |     2 ||    12
 Abil: End Transformatio |     6 |    13 |     3 ||    22
  Use: Scroll            |       |     7 |     2 ||     9
       Potion            |       |     3 |       ||     3
 Stab: Sleeping          |     6 |     6 |     3 ||    15
Armor: Skin              |       |     6 |       ||     6
Dodge: Dodged            |    26 |    95 |    16 ||   137
